 Dungeon Crawl Stone Soup version 0.28.0-53-g5a82cb258f (webtiles) character file.

Game seed: 8062153587536109208

68 MiltankisOP the Chiller (level 4, -4/54 HPs)
             Began as a Naga Ice Elementalist on July 12, 2022.
             Slain by a worm (10 damage)
             ... on level 2 of the Dungeon.
             The game lasted 00:05:00 (1950 turns).

MiltankisOP the Chiller (Naga Ice Elementalist)     Turns: 1950, Time: 00:05:01

Health: -4/54      AC:  2    Str: 10    XL:     4   Next: 19%
Magic:  0/8        EV:  9    Int: 18    God:
Gold:   36         SH:  0    Dex: 11    Spells: 8/9 levels left

rFire   . . .      SeeInvis +   (no weapon)
rCold   . . .      Faith    .   (no shield)
rNeg    . . .      Spirit   .   a - +0 robe
rPois   +          Reflect  .   (no helmet)
rElec   .          Harm     .   (no cloak)
rCorr   .          Rampage  .   (no gloves)
Will    .....                   (no barding)
Stlth   ..........              (no amulet)
HPRegen 0.18/turn               (no ring)
MPRegen 0.11/turn               (no ring)

@: berserking, weak-willed, quick
A: AC +1, large, see invisible, deformed body, poison resistance, slowness 2,
spit poison 1, naga tail 1
a: Spit Poison


You were on level 2 of the Dungeon.
You visited 1 branch of the dungeon, and saw 2 of its levels.

You collected 36 gold pieces.

Inventory:

Armour
 a - a +0 robe (worn)
 d - a +0 scale mail of fire resistance
Wands
 g - a wand of polymorph (7)


   Skills:
 - Level 1.5 Dodging
 - Level 3.0 Stealth
 + Level 3.1 Spellcasting
 + Level 4.8 Ice Magic


You had 8 spell levels left.
You knew the following spells:

 Your Spells              Type           Power      Damage    Failure   Level
a - Freeze                Ice            80%        1d9       2%          1

Your spell library contained the following spells:

 Spells                   Type           Power      Damage    Failure   Level
 Frozen Ramparts          Ice            40%        1d6       6%          3
 Ozocubu's Armour         Ice            20%        N/A       6%          3
 Slow                     Hex            8%         N/A       16%         1
 Confusing Touch          Hex            2%         N/A       43%         3
 Vampiric Draining        Necr           2%         2d6       43%         3
 Hailstorm                Conj/Ice       11%        3d5       52%         4
 Olgreb's Toxic Radiance  Pois           2%         N/A       85%         4
 Ozocubu's Refrigeration  Ice            10%        4d7       100%        7
 Ignition                 Fire           1%         3d3       100%        8


Dungeon Overview and Level Annotations

Branches:
Dungeon (2/15)

Altars:

Annotations:
D:2 Robin


Innate Abilities, Weirdness & Mutations

Your serpentine skin is tough. (AC +1)
You have supernaturally acute eyesight. (SInv)
Armour fits poorly on your strangely shaped body.
Your system is resistant to poisons. (rPois)
You cover ground very slowly.
You can spit poison.
You have a snake-like lower body.


Message History

You hit the worm.
The worm is lightly wounded.
The kobold hits you with a +0 whip.
You hit the worm but do no damage.
The worm is lightly wounded.
The kobold hits you but does no damage.
Robin roars a battlecry!
The goblins go into a battle-frenzy!
The worm completely misses you.
You hear a shout!
You feel much better. The kobold hits you with a +0 whip.
As you read the scroll labelled ROTOTE FOLU, it crumbles to dust.
The scroll dissolves into smoke.
It was a scroll of fog.
The kobold hits you with a +0 whip. The worm closely misses you.
As you read the scroll labelled PESYER RIEKLUX, it crumbles to dust.
It is a scroll of enchant weapon.
You aren't carrying any weapons that can be enchanted.
The kobold hits you with a +0 whip. The worm bites you.
As you read the scroll labelled LEEGRE NOUPHU, it crumbles to dust.
Magic quickly surges around you.
It was a scroll of vulnerability.
The kobold hits you with a +0 whip.
You aren't carrying any scrolls.
Casting: Freeze (safe; 2% risk of failure)
Confirm with . or Enter, or press ? or * to list all spells.
Aiming: Freeze (safe; 2% risk of failure)
Press: ? - help, Shift-Dir - straight line, f - worm, p - kobold
Aim: a worm (black smoke, weak-willed)
You freeze the worm.
The worm is moderately wounded.
The kobold hits you with a +0 whip. The worm bites you!
* * * LOW HITPOINT WARNING * * *
You hit the worm.
The worm is moderately wounded.
The kobold hits you with a +0 whip.
* * * LOW HITPOINT WARNING * * *
It was a potion of berserk rage.
A red film seems to cover your vision as you go berserk!
You feel yourself moving faster!
You feel mighty! The kobold barely misses you. The worm bites you!
You die...

*,,,* ****,,,***,, *,,,******
*,,,* *,, *,,,+,,,.# *,,,* **,
*,,,****?* *,,,* *,
*,,,####.******* *,,,* *,
***,,,#....,,,,,,* *,,,* *#
*,,,,,#...#*****,* *,,,* #
*,,,,,#..g######.###*,,,***##
*****,,,,,+.bggK@w§.....,,,,,,,,.
,,,,,,,,,*#.g.######.###########*
**,,,,,,,##......K.#.###.......#
****,,,,,#..)..........#.#####.#
,*,***,,,#..#♣≈≈≈♣.#.#,#.# #.#
,,,,,,,,,#...≈≈≈.≈P..#,#.# #†#
,*,***,,,#..#≈≈.≈g≈..#,#.# #.#
,***,,,,,#...≈≈≈≈g≈P.#,#.# #.#
,*****,**....≈≈g≈gg..#,#.# #.#


You could see a worm (weak-willed), a goblin (strong, weak-willed) and a kobold
(weak-willed).

Vanquished Creatures
  Jessica (D:2)
  A worm (D:2)
  3 endoplasms (D:1)
  2 giant cockroaches (D:1)
  8 goblins
  A hobgoblin (D:1)
  4 quokkas (D:2)
  4 ball pythons
  4 bats
  6 frilled lizards
  2 kobolds (D:2)
  2 rats (D:1)
38 creatures vanquished.

Vanquished Creatures (others)
  3 plants (D:2)
3 creatures vanquished.

Grand Total: 41 creatures vanquished

Notes
Turn   | Place    | Note
-------+----------+-------------------------------------------
     0 | D:1      | MiltankisOP the Naga Ice Elementalist began the quest for
                  | the Orb.
     0 | D:1      | Reached XP level 1. HP: 15/15 MP: 3/3
   389 | D:1      | Reached XP level 2. HP: 22/22 MP: 3/5
   785 | D:1      | Found a faded altar of an unknown god.
  1558 | D:2      | Reached XP level 3. HP: 28/28 MP: 4/6
  1612 | D:2      | Noticed Jessica
  1615 | D:2      | Killed Jessica
  1892 | D:2      | Reached XP level 4. HP: 28/36 MP: 3/8
  1920 | D:2      | Noticed Robin
  1950 | D:2      | Slain by a worm

Illustrated notes

Levels and vault maps discovered:
D:1:      eino_arrival_tree_alley, layout_basic,
          chequers_ecumenical_altar_twisty
D:2:      layout_basic, grunt_decor_fettered, serial_bayou_pond_b,
          kennysheep_nondescript, kennysheep_jessica_study, uniq_sigmund,
          uniq_robin, uniq_crazy_yiuf_cottage

Skill      XL: |  1  2  3 |
---------------+----------+-----
Spellcasting   | 3 |  3.1
Dodging        | |  1.5
Stealth        | |  3.0
Ice Magic      | |  4.8

Action                   |  1- 3 |  4- 6 || total
-------------------------+-------+-------++-------
Melee: Unarmed           |    16 |    22 ||    38
 Cast: Freeze            |    43 |     9 ||    52
 Abil: Spit Poison       |       |     3 ||     3
  Use: Scroll            |       |     6 ||     6
       Potion            |       |     3 ||     3
 Stab: Sleeping          |     2 |       ||     2
Armor: Robe              |    13 |     8 ||    21
Dodge: Dodged            |    27 |    18 ||    45
